CorruptionsAndSegfaults, neutral female scurrid Tourist }}}}}}}}}}}}}}}}}}}}}}}}}}}}}}}}}}}}}}}}}}}}}}}}}}}}}}}}}}}}}}}}}}}}}}}}}}}} }}}}}}}}}}.}}}}}}}}}}}}}}}}}}}}}}}}}}}}}}}}}}}}.}}}}}}}}}}}}}}}}}}}}}}}}}}}} #.}}}}}}}}}}}}}}}}}}}}.I}}}}}}}}.}}}...}}}}}}}.}}}}}......}}}}}}} #.}}}}}}}}}}`..}}}}..#.}}}}}}...# # # ....}}}}}}}}} #..}}}}}.<.I}}}}`....# #.}} #......}}}}.^#..}}.`}}.}}. ..}}}#.}}}}.I+I.}}}}}}.# }}}}}}} #..}}}}}}}}}}}}}#.}}}}}}}}.. }}}}}}}}.. ...}}}}}}}}}}}}}} }}}}#.}}}}}}}} }}}}}.# }}}..}}}}}}}}}.}}}}}} }}}}} }}}}}}}}}} }}.}} #}}}}}}}}}}}...`}}}}} }}}# }}}.#}}...}} }}}}}} ..}}}}}}}}}}}.# ..}}}} }}.# #... #....}}} }}}}}.} }}}}}....}}}}}}}. }}.}}}} }}+} .... # .}}}} }}}}}}}} }}}}}}}}}%. #..}}}}}} }}}}}}}.. }}}} --.- # }}}.*. }}}}}} }}.}..}}`}}}} #.....}}}} }}}}}}=.#. }}.# }}.}}}} }}} }}} #.}...}. #.#.}}}} }.}}}}}}} . }}.. }}}}}.. }..}}}. . }}}}}}}...}}}}}} } }}}# ....# }}}}}..}} }}}}}}}}.#..}}}}} } }}}} .... }}}}}}} }}}}}}}}} }.}}}}}} } }}} }}}} }}}}} }}}}}}}}} }}}}}}}} } }}} }}}} CorruptionsAndSegfaults the Sightseer Experience level: 3 Strength: 10 Dexterity: 14 Constitution: 12 Intelligence: 12 Wisdom: 10 Charisma: 17 Health: 0(20) Energy: 11(11) Def: 1 Gold: 341 Moves: 109 Dungeon seed: B0MI1XBotDqXJ75X Game ID: CorruptionsAndSegfaults_1498500293 Your Inventory: Coins $ - 341 gold pieces Weapons a - 53 uncursed rusty +2 darts (in quiver) Armor e - an uncursed +0 Hawaiian shirt (being worn) q - an uncursed +0 pair of low boots (being worn) Comestibles b - 5 uncursed food rations c - an uncursed pear d - an uncursed tin of lichen f - 2 uncursed tins of kobold meat g - an uncursed fortune cookie h - an uncursed cram ration Scrolls j - 4 uncursed scrolls of magic mapping Wands m - an uncursed wand of secret door detection (0:13) N - an uncursed wand of magic missile (0:3) Tools k - an uncursed expensive camera (0:32) l - an uncursed credit card n - an uncursed oil lamp (0:1158) Spells and supernatural/magical abilities: Name Level Category Fail Memory W - pray for help -- divine ? -- Your skills at the end: Miscellaneous Skills wands [Basic] stealth [Skilled] Weapon Skills dart [Basic] Spellcasting Skills Final Attributes: You were devoutly aligned. You were blinded. Your writing paw was ok. You had infravision. You were very stealthy. You are dead. Vanquished creatures: a bugbear a floating eye a centipede 3 manes 6 creatures vanquished. Voluntary challenges: You went without food. You did not adorn yourself with jewelry or accessories. You did not cause conflict. You were not invisible. You did not have reflection. You were not displaced. You were an atheist. You never hit with a wielded weapon. You did not use containers. You did not apply a unicorn horn. You did not use plumbed fixtures. You were illiterate. You never genocided any monsters. You never polymorphed an object. You never changed form. You used no wishes. You never split a pudding. You never wrote Elbereth's name. You never violated your personal moral code. Dungeon overview: The Dungeons of Doom: levels 1 to 23 Level 1 a long staircase Level 2 a fountain a long staircase Level 3 Level 4 Level 5 a fountain Level 6 Level 7 Level 8 a fountain Level 9 Level 10 Level 11 Level 12 a sink Level 13 a fountain Level 14 Level 15 Level 16 Level 17 Level 18 Level 19 Level 20 Level 21 Level 22 Level 23 <- You were here many trees History has recorded: On T:1 you entered the Dungeons of Doom to retrieve the Amulet of Yendor! On T:4 you reached level 2 of The Dungeons of Doom. On T:7 you reached level 3 of The Dungeons of Doom. On T:9 you reached level 4 of The Dungeons of Doom. On T:11 you reached level 5 of The Dungeons of Doom. On T:13 you reached level 6 of The Dungeons of Doom. On T:16 you reached level 7 of The Dungeons of Doom. On T:18 you reached level 8 of The Dungeons of Doom. On T:20 you reached level 9 of The Dungeons of Doom. On T:22 you reached level 10 of The Dungeons of Doom. On T:25 you reached level 11 of The Dungeons of Doom. On T:27 you reached level 12 of The Dungeons of Doom. On T:41 you reached level 13 of The Dungeons of Doom. On T:53 you reached level 14 of The Dungeons of Doom. On T:55 you reached level 15 of The Dungeons of Doom. On T:55 you entered the Rogue tribute level. On T:58 you reached level 16 of The Dungeons of Doom. On T:60 you reached level 17 of The Dungeons of Doom. On T:62 you reached level 18 of The Dungeons of Doom. On T:64 you reached level 19 of The Dungeons of Doom. On T:73 you advanced to experience level 2. On T:81 you reached level 20 of The Dungeons of Doom. On T:87 you advanced to experience level 3. On T:97 you reached level 21 of The Dungeons of Doom. On T:100 you reached level 22 of The Dungeons of Doom. On T:102 you reached level 23 of The Dungeons of Doom. Score breakdown: Gold: 0 ( 0 points) Experience: 3 levels ( 200 points) Exploration: 23 levels ( 660 points) Discoveries: 2 items ( 100 points) Variety of kills: 4 monsters ( 200 points) Major goal: (nothing yet) ( 0 points) Survival: died (score multiplied by 3) Total score: 3480 Latest messages: Never mind. Do you know what lives in that water? You feel much better. You can see again. The raven pecks! The raven blinds you! Something pecks! (2x) You feel much better. You can see again. The raven pecks! The raven blinds you! Something pecks! (2x) You start digging downward. Something pecks! (3x) You continue digging downward. You dig a pit in the floor. Something pecks! (2x) You die... Final status: Aloha CorruptionsAndSegfaults the Tourist, killed by a raven... You died in The Dungeons of Doom on dungeon level 23 with 3480 points, and 341 pieces of gold, after 109 moves. You were level 3 with a maximum of 20 hit points when you died.